 Dungeon Crawl Stone Soup version 0.18.1-5-g4a78601 (webtiles) character file.

150 Charly the Insei (level 5, -8/25 HPs)
             Began as a Vine Stalker Transmuter on May 11, 2016.
             Shot with an arrow by a centaur (9 damage)
             ... on level 5 of the Dungeon.
             The game lasted 00:07:43 (492 turns).

Charly the Insei (Vine Stalker Transmuter)           Turns: 492, Time: 00:07:44

Health: -8/25      AC:  2    Str: 13    XL:     5   Next: 32%
Magic:  0/9        EV: 12    Int: 14    God:
Gold:   17         SH:  0    Dex: 14    Spells: 3 memorised, 2 levels left

rFire  . . .     SeeInvis .       - Unarmed
rCold  . . .     Gourm    .     b - +0 robe
rNeg   . . .     Faith    .     (no shield)
rPois  .         Spirit   +     (no helmet)
rElec  .         Dismiss  .     (no cloak)
rCorr  .         Reflect  .     (no gloves)
SustAt .         Harm     .     (no boots)
MR     .....                    (no amulet)
Stlth  +.........               (no ring)
                                (no ring)

@: lethally poisoned (-8 -> -8), not resistant to hostile enchantments, very
unstealthy
A: fangs 2, regeneration 1, magic shield, antimagic bite, no device heal 3, rot
immunity
a: no special abilities


You were on level 5 of the Dungeon.
You were not hungry.

You visited 1 branch of the dungeon, and saw 5 of its levels.

You collected 17 gold pieces.

Inventory:

Missiles
 a - 15 arrows
 f - 7 javelins (quivered)
Armour
 b - a +0 robe (worn)
Scrolls
 g - 5 scrolls of remove curse {unknown}
 h - a scroll of noise {unknown}
 i - a scroll of enchant armour {unknown}
 j - a scroll of blinking {unknown}
 l - 2 scrolls of identify {unknown}
Potions
 e - a potion of ambrosia {unknown}
 k - a potion of brilliance {unknown}
Books
 c - a book of Changes

   Spells                             Type                      Level
   a - Beastly Appendage              Transmutation                1
   b - Sticks to Snakes               Transmutation                2
   c - Spider Form                    Transmutation/Poison         3
   d - Ice Form                       Ice/Transmutation            4
   e - Blade Hands                    Transmutation                5
Comestibles
 d - a bread ration


   Skills:
 - Level 0.8 Fighting
 - Level 1.5 Dodging
 + Level 5.3 Unarmed Combat
 - Level 2.1 Spellcasting
 - Level 3.0 Transmutations


You had 2 spell levels left.
You knew the following spells:

 Your Spells              Type           Power        Failure   Level  Hunger
a - Beastly Appendage     Trmt           ##....       10%         1    #......
s - Sticks to Snakes      Trmt           ##......     12%         2    ###....
S - Spider Form           Trmt/Pois      #.........   38%         3    ###....


Dungeon Overview and Level Annotations

Branches:
Dungeon (5/15)
 Temple: D:4-7

Altars:
Gozag
Makhleb


Innate Abilities, Weirdness & Mutations

You have extremely sharp teeth.
Your natural rate of healing is unusually fast.
When hurt, damage is shared between your health and your magic reserves.
Your bite disrupts and absorbs the magic of your enemies.
Potions and wands cannot restore your health.
You are immune to rotting.


Message History

A crimson imp comes into view.
You feel sick.
The crimson imp shouts!
The crimson imp blinks!
A centaur comes into view.
You swap places.
The centaur wields a shortbow.
The centaur shoots an arrow.
The arrow hits your ball python.
The centaur shoots an arrow.
The arrow hits your ball python!
Your ball python dies!
Unknown command.
Unknown command.
You feel sick.
Unknown command.
You see here a worker ant corpse.
Unknown command.
You feel sick.
The centaur shoots an arrow.
The arrow hits you!
* * * LOW HITPOINT WARNING * * *
The centaur shoots an arrow.
The arrow hits you!
You die...

#c .###.....#.#...######.##..#
... ......_.......'..........#
.... ..#.#.....##..#..........#
#.... #.#.##....##<.#..........#
#.....#.#.......##########.....#
.......(####.#####..##..########
........c..†.#####..#...#......#
......##..##....'...#...#......#
#..... #..##...@##'###..#####'##
#.... #...########..##..##.....#
#.... ##(.. #..............#
#... #..## #............<.# ....
##+# ##..##..##.....#
###############


You could see a centaur.

Vanquished Creatures
  A centaur (D:5)
  Terence (D:3)
  An adder (D:3)
  A dart slug (D:3)
  A giant gecko (D:2)
  3 goblins
  A hobgoblin (D:2)
  4 jackals (D:4)
  A quokka (D:2)
  A bat (D:1)
  3 kobolds
18 creatures vanquished.

Vanquished Creatures (collateral kills)
  A worker ant (D:5)
  An adder (D:2)
  A hobgoblin (D:2)
3 creatures vanquished.

Grand Total: 21 creatures vanquished

Notes
Turn   | Place    | Note
--------------------------------------------------------------
     0 | D:1      | Charly the Vine Stalker Transmuter began the quest for the Orb.
     0 | D:1      | Reached XP level 1. HP: 9/9 MP: 4/4
   121 | D:2      | Reached XP level 2. HP: 8/14 MP: 4/6
   132 | D:2      | Learned a level 2 spell: Sticks to Snakes
   227 | D:4      | Reached XP level 3. HP: 11/17 MP: 5/7
   232 | D:4      | Learned a level 3 spell: Spider Form
   238 | D:4      | Noticed a giant frog
   263 | D:3      | Noticed Terence
   339 | D:3      | Killed Terence
   339 | D:3      | Reached skill level 4 in Unarmed Combat
   359 | D:5      | Entered Level 5 of the Dungeon
   386 | D:5      | Found an opulent altar of Gozag.
   410 | D:4      | Found a burning altar of Makhleb.
   433 | D:5      | Noticed a centaur
   444 | D:5      | Killed a centaur
   444 | D:5      | Reached skill level 5 in Unarmed Combat
   444 | D:5      | Reached XP level 4. HP: 5/21 MP: 0/8
   444 | D:5      | Reached XP level 5. HP: 7/25 MP: 0/9
   485 | D:5      | Noticed a centaur
   492 | D:5      | HP: 1/25 [centaur/arrow (7)]
   492 | D:5      | Shot with an arrow by a centaur

Skill      XL: |  1  2  3 |
---------------+----------+-----
Unarmed Combat | 5 |  5.3
Transmutations | 3 |  3.0
Fighting       | |  0.8
Dodging        | |  1.5
Spellcasting   | |  2.1

Action                   |  1- 3 |  4- 6 || total
-------------------------+-------+-------++-------
Melee: Unarmed           |    98 |     4 ||   102
       Bite              |    11 |     2 ||    13
Throw: Javelin           |       |     1 ||     1
 Cast: Sticks to Snakes  |     4 |     1 ||     5
       Spider Form       |     1 |       ||     1
 Stab: Distracted        |     1 |     1 ||     2
Armor: Robe              |    11 |       ||    11
Dodge: Dodged            |    55 |     2 ||    57
